AoeStats
← [CL] Al3jandr0.magn00

Arabia

504784720Analyzed
1v1 RM · 26d ago on Sep 6, 2026· 37m 24s· 2 players
Game mode
Random Map
Map size
Tiny (2 player)
Population
200
Speed
Normal
Resources
Standard
Victory
Conquest
Starting age
Dark Age
Ending age
Imperial Age
RankedLock teamsTeams togetherTeam positionsShared explorationLock speedFull tech treeHidden civsTurbo modeCheats
Victory
Defeat
🇦🇷 Burgundians · Argentina
1969
+14
🇦🇷 Sicilians · Argentina
1931
-14
[CL] Al3jandr0.magn00
5:59 Loom
8:59 Feudal Age
9:30 Double-Bit Axe
9:26 Horse Collar
21:23 Wheelbarrow
27:28 Forging
33:06 Castle Age
33:03 Scale Mail Armor
33:11 Pikeman
33:53 Squires
34:32 Bow Saw
35:16 Horse Collar
36:33 Iron Casting
Conde Calcukill
3:05 Double-Bit Axe
6:24 Loom
9:07 Feudal Age
9:27 Horse Collar
13:41 Town Watch
16:45 Wheelbarrow
21:02 Castle Age
21:57 Scale Barding Armor
22:25 Forging
23:07 Husbandry
28:04 Cavalier
31:22 Chain Barding Armor
35:47 Bow Saw
Connection lost

Rejoining the realm…

Still unreachable

The connection could not be restored.

Session expired

The server has moved on; the page needs a fresh start.